 Dungeon Crawl Stone Soup version 0.30-a0-709-gcdc1b43e22 (webtiles) character file.

Game seed: 12831866655988569849

203 Citaku the Shield-Bearer (level 6, -1/48 HPs)
             Began as a Formicid Fighter on Jan 22, 2023.
             Slain by an orc
             ... wielding a +0 trident
              (6 damage)
             ... on level 4 of the Dungeon.
             The game lasted 00:04:40 (2252 turns).

Citaku the Shield-Bearer (Formicid Fighter)         Turns: 2252, Time: 00:04:41

Health: -1/48      AC:  7    Str: 22    XL:     6   Next: 8%
Magic:  6/6        EV:  9    Int:  8    God:
Gold:   176        SH:  5    Dex: 13    Spells: 5/5 levels left

rFire   + . .      SeeInvis +    q - +2 spear (heavy)
rCold   + . .      Faith    .    c - +0 buckler
rNeg    . . .      Spirit   .    b - +0 scale mail
rPois   .          Reflect  .    (helmet unavailable)
rElec   .          Harm     .    g - scarf {rC+ rF+}
rCorr   .          Rampage  .    (no gloves)
Will    .....                    (no boots) Stlth
                                 (no amulet)
HPRegen 0.28/turn                (no ring)
MPRegen 0.10/turn                (no ring)

@: no status effects
A: permanent stasis, dig shafts and tunnels, antennae 3, four strong arms
a: Dig, Shaft Self


You were on level 4 of the Dungeon.
You visited 1 branch of the dungeon, and saw 4 of its levels.

You collected 176 gold pieces.

Inventory:

Hand Weapons
 q - a +2 heavy spear (weapon)
Missiles
 r - 4 silver javelins
Armour
 b - a +0 scale mail (worn)
 c - a +0 buckler (worn)
 g - a scarf of resistance (worn)
Scrolls
 f - 2 scrolls of noise {unknown}
 h - a scroll of blinking {unknown}
 i - a scroll of amnesia {unknown}
 l - 2 scrolls of vulnerability {unknown}
 n - a scroll of fog {unknown}
 o - a scroll of silence {unknown}
 p - a scroll of enchant weapon {unknown}
 s - a scroll of poison {unknown}
 t - a scroll of summoning {unknown}
Potions
 a - a potion of invisibility {unknown}
 d - a potion of might
 e - 3 potions of curing {unknown}
 j - 2 potions of lignification {unknown}
 k - a potion of haste {unknown}
 m - a potion of mutation {unknown}


   Skills:
 + Level 4.1 Fighting
 - Level 2.5(2.8) Axes
 * Level 1.5(2.3) Polearms
 * Level 4.9 Armour
 + Level 5.3 Shields


You had 5 spell levels left.
You didn't know any spells.
Your spell library contained the following spells:

 Spells                   Type           Power      Damage    Failure   Level
 Cigotuvi's Dreadful Rot  Necr/Pois/Air  0%         N/A       89%         2
 Poisonous Vapours        Pois/Air       0%         N/A       89%         2
 Mephitic Cloud           Conj/Pois/Air  0%         N/A       98%         3


Dungeon Overview and Level Annotations

Branches:
Dungeon (4/15)
 Temple: D:4-7

Altars:
Elyvilon

Shops:
D:1 *


Innate Abilities, Weirdness & Mutations

You cannot be hasted, slowed, berserked, paralysed or teleported.
You can dig through walls and to a lower floor.
You have a pair of large antennae on your head. (SInv)
Your four strong arms can wield two-handed weapons with a shield.


Message History

You hit the orc.
The orc is heavily wounded.
The orc barely misses you. x2; The orc hits you but does no damage.
You barely miss the orc.
The orc is heavily wounded.
The orc hits you from afar with a +0 trident!
The orc hits you but does no damage. x2
The orc hits you from afar with a +0 trident.
You block the orc's attack. x2
You hit the orc.
You kill the orc!
The orc hits you but does no damage.
The orc hits you from afar with a +0 trident.
You are too injured to fight recklessly!
You are too injured to fight recklessly!
You hit the orc.
The orc is heavily wounded.
The orc hits you with a +0 hand axe.
The orc hits you from afar with a +0 trident.
You block the orc's attack.
The orc hits you from afar with a +0 trident.
You completely miss the orc.
The orc is heavily wounded.
The orc hits you but does no damage. x2
You barely miss the orc.
The orc is heavily wounded.
The orc closely misses you.
The orc hits you from afar with a +0 trident!
* * * LOW HITPOINT WARNING * * *
You block the orc's attack. The orc closely misses you.
You closely miss the orc.
The orc is heavily wounded.
The orc hits you with a +0 hand axe.
* * * LOW HITPOINT WARNING * * *
The orc barely misses you.
You barely miss the orc.
The orc is heavily wounded.
You block the orc's attack. The orc barely misses you.
The orc hits you from afar with a +0 trident.
You die...

##......##......#.#....#
.#......##......#........
##.##.....##....#.#.....
.#.##.....##....#......#
.#........##....#......#
..........'.....#......
.####.....#...#.#....# ###
.##......##...#.o)#'#.....
.##...........##@.o†......
.##...........'..)#.#.....
.##...........#####.# o...
.##...##....#.###..## .
.##...+............
.##...#####...#####
.##...# #...####
###...#####......#
....###..........#


You could see 2 orcs.

Vanquished Creatures
  3 hounds (D:4)
  3 adders
  A worm (D:2)
  4 dart slugs
  2 orcs (D:4)
  6 ball pythons
  2 endoplasms
  9 giant cockroaches
  5 goblins
  6 hobgoblins
  7 jackals (D:4)
  5 kobolds
  3 quokkas
  2 bats
  5 frilled lizards
  7 rats
70 creatures vanquished.

Notes
Turn   | Place    | Note
-------+----------+-------------------------------------------
     0 | D:1      | Citaku the Formicid Fighter began the quest for the Orb.
     0 | D:1      | Reached XP level 1. HP: 18/18 MP: 1/1
    92 | D:1      | Reached XP level 2. HP: 22/24 MP: 2/2
   381 | D:1      | Found Xyerel's General Store.
   383 | D:1      | Reached XP level 3. HP: 29/29 MP: 3/3
  1075 | D:2      | Reached XP level 4. HP: 24/37 MP: 4/4
  1473 | D:3      | Found a white marble altar of Elyvilon.
  1559 | D:3      | Reached skill level 5 in Shields
  1618 | D:3      | Identified the +2 leather armour of Dithmenos's Supremacy
                  | {Stlth+}
  1986 | D:4      | Reached XP level 5. HP: 29/42 MP: 5/5
  2001 | D:4      | Reached skill level 1 in Polearms
  2140 | D:4      | Reached XP level 6. HP: 48/48 MP: 6/6
  2252 | D:4      | Slain by an orc

Illustrated notes

Levels and vault maps discovered:
D:1:      dpeg_arrival_prison, layout_basic, serial_shops,
          nicolae_shop_waterfront
D:2:      layout_rooms, st_stairs_6
D:3:      layout_basic, mainiacjoe_overflow_cross_hatched
D:4:      layout_basic, minmay_overflow_temple_star_quad

Skill      XL: |  1  2  3  4  5 |
---------------+----------------+-----
Armour         | 4 |  4.9
Shields        | 5 |  5.3
Fighting       | 4 |  4.1
Polearms       | 1 |  1.5
Axes           | |  2.5

Action                     |  1- 3 |  4- 6 || total
---------------------------+-------+-------++-------
  Melee: War axe           |    73 |    47 ||   120
         Spear             |       |    55 ||    55
 Armour: Scale mail        |    42 |    57 ||    99
  Dodge: Dodged            |    32 |    65 ||    97
  Block: Buckler           |    21 |    45 ||    66

Table legend: (Time is in decaauts)
 A = Elapsed time spent in this place.
 B = Non-inter-level travel time spent in this place.
 C = Inter-level travel time spent in this place.
 D = Time resting spent in this place.
 E = Time spent auto-exploring this place.
 F = Levels seen in this place.
 G = Mean time per level.
                   A        B        C        D        E       F      G
               +--------+--------+--------+--------+--------+-----+--------+
         Total |   2330 |   2266 |     64 |      0 |   1777 |   4 |  582.5 |
       Dungeon |   2330 |   2266 |     64 |      0 |   1777 |   4 |  582.5 |
               +--------+--------+--------+--------+--------+-----+--------+

Top non-repeatable levels by time:
     D:1: 1088 daAuts
     D:3: 442 daAuts
     D:4: 404 daAuts
     D:2: 395 daAuts
